 Dungeon Crawl Stone Soup version 0.18.1-5-g4a78601 (webtiles) character file.

2088 Scarto the Skirmisher (level 9, -9/69 HPs)
             Began as a Demonspawn Fighter on May 12, 2016.
             Was a Priest of Makhleb.
             Killed from afar by an electric eel (12 damage)
             ... with a bolt of electricity
             ... on level 8 of the Dungeon.
             The game lasted 00:11:30 (6201 turns).

Scarto the Skirmisher (Demonspawn Fighter)          Turns: 6201, Time: 00:11:31

Health: -9/69      AC: 10    Str: 20    XL:     9   Next: 6%
Magic:  0/13       EV:  5    Int:  9    God:    Makhleb [***...]
Gold:   289        SH: 10    Dex: 17    Spells: 0 memorised, 8 levels left

rFire  . . .     SeeInvis .     x - +0 hand axe of Grandeur {freeze, +Rage +Inv MR- Dex+4}
rCold  . . .     Gourm    .     s - +0 chain mail
rNeg   . . .     Faith    .     c - +0 shield
rPois  .         Spirit   +     (helmet restricted)
rElec  .         Dismiss  .     (no cloak)
rCorr  .         Reflect  .     (no gloves)
SustAt .         Harm     .     (no boots)
MR     .....                    (no amulet)
Stlth  ..........               u - ring of protection from magic
                                i - +5 ring of slaying

@: not resistant to hostile enchantments, extremely unstealthy
A: horns 1, icy blue scales 1, powered by pain 1, magic shield
a: Minor Destruction, Lesser Servant of Makhleb, Renounce Religion, Evoke
Berserk Rage, Evoke Invisibility


You were on level 8 of the Dungeon.
You worshipped Makhleb.
Makhleb was most pleased with you.
You were not hungry.

You visited 1 branch of the dungeon, and saw 8 of its levels.

You collected 409 gold pieces.
You spent 120 gold pieces at shops.

Inventory:

Hand Weapons
 o - a +1 flail of protection
 x - the +0 hand axe of Grandeur (weapon) {freeze, +Rage +Inv MR- Dex+4}
   (You found it on level 5 of the Dungeon)

   It has been specially enchanted to freeze those struck by it, causing extra
   injury to most foes and up to half again as much damage against particularly
   susceptible opponents.
   It can also slow down cold-blooded creatures.
   It affects your dexterity (+4).
   It affects your resistance to hostile enchantments.
   It lets you turn invisible.
   It lets you go berserk.
Missiles
 r - 12 tomahawks (quivered)
Armour
 b - a +0 scale mail
 c - a +0 shield (worn)
 s - a +0 chain mail (worn)
Jewellery
 i - a +5 ring of slaying (left hand)
 p - a +2 ring of evasion
 u - a ring of protection from magic (right hand)
Wands
 j - a wand of digging (12/24)
Scrolls
 f - a scroll of noise {unknown}
 h - 4 scrolls of remove curse
 k - a scroll of amnesia {unknown}
 m - 2 scrolls of magic mapping
 y - 3 scrolls of teleportation
Potions
 a - a potion of invisibility
 d - 3 potions of might
 e - 2 potions of flight
 n - 2 potions of mutation {unknown}
 q - a potion of degeneration {unknown}
 t - a potion of brilliance {unknown}
Comestibles
 g - a meat ration
 l - 10 fruits
 v - 4 bread rations


   Skills:
 + Level 5.9 Fighting
 + Level 4.8(5.4) Axes
 + Level 3.8(4.9) Maces & Flails
 + Level 5.4 Armour
 + Level 5.3 Shields
 + Level 5.4 Invocations


You had 8 spell levels left.
You didn't know any spells.

Dungeon Overview and Level Annotations

Branches:
Dungeon (8/15)             Temple (0/1) D:4
   Lair: D:8-11

Altars:
Ashenzari
Dithmenos
Fedhas
Makhleb
Okawaru
Ru
Sif Muna
Yredelemnul
Zin
The Shining One

Shops:
D:4 (   D:5 *

Annotations:
D:6 Prince Ribbit


Innate Abilities, Weirdness & Mutations

You have a pair of small horns on your head.
You are partially covered in icy blue scales (AC +1).
You sometimes gain a little power by taking damage.
When hurt, damage is shared between your health and your magic reserves.


Message History

You kill the electric eel!
Makhleb accepts your kill.
The electric eel shoots out a bolt of lightning at you!
The bolt of electricity hits you!
* * * LOW HITPOINT WARNING * * *
The electric eel shoots out a bolt of lightning at you!
The bolt of electricity hits you!
* * * LOW HITPOINT WARNING * * *
There are monsters nearby!
There are monsters nearby!
There are monsters nearby!
An electric eel is nearby!
There is a stone staircase leading down here.
An electric eel is nearby!
An electric eel is nearby!
The electric eel shoots out a bolt of lightning at you!
The bolt of electricity hits you!
* * * LOW HITPOINT WARNING * * *
The bolt of electricity hits you!
You die...

≈≈P≈≈≈≈≈≈≈≈≈≈≈≈≈≈≈
♣≈≈P≈≈≈≈≈≈≈≈≈≈≈≈≈P
≈≈≈≈≈♣P≈≈≈≈≈≈≈≈≈≈≈
♣≈≈≈≈≈≈≈≈≈≈≈≈;≈≈≈
♣P♣♣P♣≈PP≈P♣≈≈≈ ≈
#..≈P♣♣≈P♣♣≈≈♣P≈♣ #..
#..P♣♣;PPP♣ .. #.
#.>......+ .>.. +
#@.......#
...[.##+##........####
......................
......................
..................<...
..............<.......
..............<.......
......................
......................


You could see an electric eel.

Vanquished Creatures
  A spriggan (D:7)
  A hungry ghost (D:7)
  An ice beast (D:7)
  A black bear (D:6)
  An orc warrior (D:7)
  2 centaurs
  2 ogres (D:7)
  2 giant frogs
  4 scorpions
  2 electric eels (D:8)
  4 howler monkeys (D:7)
  A crimson imp (D:6)
  2 hounds
  A jelly (D:7)
  An orc priest (D:6)
  3 orc wizards
  Terence (D:3)
  An iguana (D:7)
  6 worker ants
  A hound skeleton (D:3)
  11 adders
  A shadow imp (D:7)
  An adder skeleton (D:4)
  2 worms
  2 dart slugs
  A giant gecko (D:5)
  18 orcs
  2 ball pythons
  4 giant cockroaches
  5 goblins
  6 hobgoblins
  3 jackals (D:6)
  3 quokkas
  13 bats
  7 giant newts
  A jackal skeleton (D:5)
  6 kobolds
  3 rats
  2 fungi (D:6)
129 creatures vanquished.

Notes
Turn   | Place    | Note
--------------------------------------------------------------
     0 | D:1      | Scarto the Demonspawn Fighter began the quest for the Orb.
     0 | D:1      | Reached XP level 1. HP: 18/18 MP: 1/1
   460 | D:1      | Gained mutation: You are partially covered in icy blue scales (AC +1). [demonic ancestry]
   460 | D:1      | Reached XP level 2. HP: 24/24 MP: 2/2
   679 | D:2      | Gained mutation: You have a pair of small horns on your head. [demonic ancestry]
   679 | D:2      | Reached XP level 3. HP: 29/29 MP: 3/3
   837 | D:2      | Found a shattered altar of Ashenzari.
   973 | D:2      | Reached XP level 4. HP: 32/36 MP: 4/4
   991 | D:2      | Found a sacrificial altar of Ru.
   991 | D:2      | Found a shadowy altar of Dithmenos.
  1140 | D:2      | Found a burning altar of Makhleb.
  1155 | D:2      | Became a worshipper of Makhleb the Destroyer
  1218 | D:2      | Found a deep blue altar of Sif Muna.
  1218 | D:2      | Found a basalt altar of Yredelemnul.
  1219 | D:2      | Found a blossoming altar of Fedhas.
  1297 | D:3      | Noticed Terence
  1311 | D:3      | Killed Terence
  1405 | D:3      | Found a glowing golden altar of the Shining One.
  1534 | D:3      | Gained mutation: When hurt, damage is shared between your health and your magic reserves. [demonic ancestry]
  1534 | D:3      | Reached XP level 5. HP: 41/42 MP: 5/5
  1934 | D:4      | Reached skill level 1 in Invocations
  2424 | D:4      | Found Ethrirhudgh's Antique Weapon Shoppe.
  2427 | D:4      | Reached * piety under Makhleb
  2527 | D:4      | Gained mutation: You sometimes gain a little power by taking damage. [demonic ancestry]
  2527 | D:4      | Reached XP level 6. HP: 48/48 MP: 6/6
  2548 | D:4      | Reached skill level 1 in Maces & Flails
  2605 | D:4      | Found a staircase to the Ecumenical Temple.
  3272 | D:5      | Entered Level 5 of the Dungeon
  3636 | D:5      | Found Gaobalal's Assorted Antiques.
  3639 | D:5      | Bought a flickering wooden ring for 120 gold pieces
  3639 | D:5      | Identified the ring "Niamikh" {+Inv +Fly rPois MP+9 Str-5} (You bought it in a shop on level 5 of the Dungeon)
  3663 | D:5      | Got an ichor-stained hand axe
  3664 | D:5      | Identified the cursed +0 hand axe of Grandeur {freeze, +Rage +Inv MR- Dex+4} (You found it on level 5 of the Dungeon)
  4153 | D:6      | Reached XP level 7. HP: 55/55 MP: 8/8
  4385 | D:6      | Noticed Prince Ribbit
  4615 | D:6      | Reached ** piety under Makhleb
  4800 | D:7      | Reached XP level 8. HP: 7/61 MP: 7/10
  4800 | D:7      | Reached skill level 5 in Fighting
  5420 | D:7      | Found an iron altar of Okawaru.
  5489 | D:7      | Found a glowing silver altar of Zin.
  5493 | D:7      | Reached skill level 5 in Shields
  5550 | D:7      | Reached skill level 5 in Armour
  5551 | D:7      | Reached skill level 5 in Invocations
  5684 | D:7      | Reached XP level 9. HP: 69/69 MP: 11/13
  5710 | D:7      | Reached *** piety under Makhleb
  6201 | D:8      | HP: 3/69 [electric eel/bolt of electricity (2)]
  6201 | D:8      | Killed from afar by an electric eel

Skill      XL: |  1  2  3  4  5  6  7  8 |
---------------+-------------------------+-----
Axes           | 2 3 4 |  4.8
Shields        | 3 4 5 |  5.3
Armour         | 3 4 5 |  5.4
Fighting       | 4 5 |  5.9
Invocations    | 1 2 3 5 |  5.4
Maces & Flails | 1 2 3 |  3.8

Action                   |  1- 3 |  4- 6 |  7- 9 || total
-------------------------+-------+-------+-------++-------
Melee: War axe           |    83 |    40 |       ||   123
       Headbutt          |     7 |    25 |    36 ||    68
       Flail             |       |    97 |       ||    97
       Hand axe          |       |    36 |   175 ||   211
  Use: Potion            |       |     1 |       ||     1
       Scroll            |       |    10 |     4 ||    14
  Eat: Chunk             |       |     3 |       ||     3
       Bread ration      |       |     2 |     2 ||     4
       Meat ration       |       |       |     1 ||     1
Armor: Scale mail        |    40 |    80 |       ||   120
       Chain mail        |       |    48 |    78 ||   126
Dodge: Dodged            |    23 |    64 |    36 ||   123
Block: Shield            |    40 |   109 |    88 ||   237
